[ AOE2 MATCH · #495812591 ]
UnrankedTeutons vs Burgundians
Player's team · LOSS
[ REPLAY ANALYSIS · EXTRACTED FROM THE RECORDED GAME ]
Feudal
13:12
Castle
23:14
Imperial
—
| APM avg | 26.6 |
| APM peak | 73 |
| eAPM avg | 13.9 |
| Villagers / military | 52 / 75 |
Focus
⚔️ 31.8% · 🌾 68.2%
Skirmisher ×31 · Militia ×21 · Spearman ×14 · Teutonic Knight ×7 · Archer ×2
Feudal
10:22
Castle
25:43
Imperial
—
| APM avg | 47.8 |
| APM peak | 94 |
| eAPM avg | 19.6 |
| Villagers / military | 98 / 78 |
Focus
⚔️ 20.9% · 🌾 79.1%
Archer ×33 · Knight ×27 · Scout Cavalry ×8 · Skirmisher ×6 · Monk ×2 · Spearman ×2
Match map
Initial resources + every placement click. Lines = walls · curves = elevation contours. ◆ gold · ⬟ stone · ● berries · ✦ relic · ◌ wall gap
Your base· Open — unwalled flank
Penaldo's base· Open — unwalled flank
Smoothed initial terrain · ◌ = detected wall gap · hover for details
Inputs per minute
— RH450 - - Penaldo
Build order — RH450
First 150 of 188 actions detected
| 0:05 | Build | House |
| 0:07 | Build | House |
| 0:08 | Queue | Villager (Male) |
| 0:08 | Queue | Villager (Male) |
| 0:09 | Queue | Villager (Male) |
| 0:09 | Queue | Villager (Male) |
| 1:37 | Queue | Villager (Male) |
| 1:38 | Queue | Villager (Male) |
| 1:38 | Queue | Villager (Male) |
| 2:01 | Queue | Villager (Male) |
| 2:01 | Queue | Villager (Male) |
| 2:43 | Queue | Villager (Male) |
| 2:43 | Queue | Villager (Male) |
| 2:44 | Queue | Villager (Male) |
| 3:00 | Build | Lumber Camp |
| 3:12 | Queue | Villager (Male) |
| 3:13 | Queue | Villager (Male) |
| 3:13 | Queue | Villager (Male) |
| 3:13 | Queue | Villager (Male) |
| 3:37 | Queue | Villager (Male) |
| 3:54 | Build | House |
| 4:18 | Queue | Villager (Male) |
| 4:18 | Queue | Villager (Male) |
| 4:23 | Build | House |
| 5:01 | Queue | Villager (Male) |
| 5:44 | Queue | Villager (Male) |
| 5:45 | Queue | Villager (Male) |
| 5:45 | Queue | Villager (Male) |
| 5:45 | Queue | Villager (Male) |
| 5:51 | Build | Mill |
| 7:02 | Queue | Villager (Male) |
| 7:02 | Queue | Villager (Male) |
| 7:47 | Queue | Villager (Male) |
| 7:59 | Build | Mill |
| 8:21 | Research | Loom |
| 8:22 | Queue | Villager (Male) |
| 8:22 | Queue | Villager (Male) |
| 8:23 | Queue | Villager (Male) |
| 8:35 | Queue | Villager (Male) |
| 8:36 | Queue | Villager (Male) |
| 8:50 | Build | House |
| 9:44 | Build | Barracks |
| 10:10 | Build | Lumber Camp |
| 10:47 | Build | Mining Camp |
| 11:02 | Research | Feudal Age |
| 11:18 | Queue | Militia |
| 11:18 | Queue | Militia |
| 11:18 | Queue | Militia |
| 11:19 | Queue | Militia |
| 11:50 | Build | Farm |
| 11:50 | Build | Farm |
| 11:50 | Build | Farm |
| 11:51 | Build | Farm |
| 11:51 | Build | Farm |
| 11:52 | Build | Farm |
| 11:53 | Build | Farm |
| 11:58 | Queue | Militia |
| 11:59 | Queue | Militia |
| 12:27 | Build | House |
| 12:29 | Build | House |
| 12:32 | Build | House |
| 12:35 | Queue | Villager (Male) |
| 12:35 | Queue | Villager (Male) |
| 12:36 | Queue | Villager (Male) |
| 12:41 | Queue | Militia |
| 12:41 | Queue | Militia |
| 12:42 | Queue | Militia |
| 13:04 | Queue | Militia |
| 13:05 | Queue | Militia |
| 13:05 | Queue | Militia |
| 13:12 | Age | Feudal Age |
| 13:29 | Research | Man-at-Arms (upgrade) |
| 13:48 | Build | Market |
| 13:57 | Queue | Spearman |
| 13:59 | Queue | Spearman |
| 15:02 | Queue | Militia |
| 15:03 | Queue | Militia |
| 15:03 | Queue | Militia |
| 15:04 | Queue | Militia |
| 15:15 | Queue | Villager (Male) |
| 15:17 | Queue | Villager (Male) |
| 15:23 | Build | Blacksmith |
| 15:43 | Build | Lumber Camp |
| 15:58 | Build | Archery Range |
| 16:07 | Queue | Villager (Male) |
| 16:41 | Queue | Villager (Male) |
| 16:46 | Build | Farm |
| 17:03 | Build | Farm |
| 17:11 | Queue | Skirmisher |
| 17:11 | Queue | Skirmisher |
| 17:12 | Queue | Skirmisher |
| 17:14 | Queue | Militia |
| 17:15 | Queue | Militia |
| 17:15 | Queue | Militia |
| 17:37 | Build | House |
| 17:43 | Build | House |
| 17:51 | Build | House |
| 17:51 | Build | House |
| 18:13 | Queue | Skirmisher |
| 18:13 | Queue | Skirmisher |
| 19:26 | Queue | Archer |
| 19:26 | Queue | Archer |
| 19:29 | Queue | Skirmisher |
| 19:29 | Queue | Skirmisher |
| 19:30 | Queue | Skirmisher |
| 19:30 | Queue | Skirmisher |
| 19:52 | Queue | Villager (Male) |
| 19:52 | Queue | Villager (Male) |
| 20:30 | Research | Castle Age |
| 20:42 | Build | Mining Camp |
| 20:48 | Research | Double-Bit Axe |
| 21:02 | Build | House |
| 21:33 | Queue | Skirmisher |
| 21:33 | Queue | Skirmisher |
| 21:34 | Queue | Skirmisher |
| 21:34 | Queue | Skirmisher |
| 22:06 | Queue | Militia |
| 22:06 | Queue | Militia |
| 22:40 | Build | Farm |
| 22:50 | Build | House |
| 22:57 | Build | Farm |
| 23:14 | Age | Castle Age |
| 23:43 | Build | House |
| 23:54 | Build | Stone Wall |
| 24:26 | Build | Barracks |
| 24:35 | Research | Fletching |
| 24:47 | Build | Archery Range |
| 24:53 | Queue | Villager (Male) |
| 24:53 | Queue | Villager (Male) |
| 24:53 | Queue | Villager (Male) |
| 24:54 | Queue | Villager (Male) |
| 24:54 | Queue | Villager (Male) |
| 25:32 | Research | Elite Skirmisher (upgrade) |
| 26:17 | Build | Farm |
| 26:25 | Queue | Spearman |
| 26:25 | Queue | Spearman |
| 26:25 | Queue | Spearman |
| 26:26 | Queue | Spearman |
| 27:38 | Queue | Spearman |
| 27:38 | Queue | Spearman |
| 27:39 | Queue | Spearman |
| 27:39 | Queue | Spearman |
| 28:25 | Build | Castle |
| 28:41 | Research | Pikeman (upgrade) |
| 28:44 | Queue | Skirmisher |
| 28:44 | Queue | Skirmisher |
| 29:03 | Queue | Skirmisher |
| 29:03 | Queue | Skirmisher |
| 29:04 | Queue | Skirmisher |
| 29:04 | Queue | Skirmisher |
Build order — Penaldo
First 150 of 295 actions detected
| 0:00 | Queue | Villager (Male) |
| 0:00 | Queue | Villager (Male) |
| 0:00 | Queue | Villager (Male) |
| 0:01 | Queue | Villager (Male) |
| 0:01 | Queue | Villager (Male) |
| 0:02 | Build | House |
| 0:04 | Build | House |
| 1:25 | Queue | Villager (Male) |
| 1:55 | Build | Lumber Camp |
| 1:56 | Queue | Villager (Male) |
| 2:27 | Queue | Villager (Male) |
| 2:50 | Queue | Villager (Male) |
| 3:20 | Queue | Villager (Male) |
| 3:48 | Build | House |
| 3:49 | Build | House |
| 4:01 | Queue | Villager (Male) |
| 4:24 | Queue | Villager (Male) |
| 4:32 | Build | Mill |
| 4:52 | Queue | Villager (Male) |
| 4:54 | Queue | Villager (Male) |
| 5:35 | Queue | Villager (Male) |
| 5:35 | Queue | Villager (Male) |
| 5:35 | Queue | Villager (Male) |
| 6:29 | Queue | Villager (Male) |
| 6:29 | Queue | Villager (Male) |
| 6:29 | Queue | Villager (Male) |
| 6:29 | Queue | Villager (Male) |
| 7:13 | Research | Loom |
| 7:13 | Research | Loom |
| 8:11 | Research | Feudal Age |
| 8:35 | Build | Lumber Camp |
| 8:56 | Build | Farm |
| 8:59 | Build | Farm |
| 9:11 | Build | Barracks |
| 9:12 | Build | House |
| 9:16 | Queue | Villager (Male) |
| 9:18 | Research | Double-Bit Axe |
| 10:17 | Queue | Villager (Male) |
| 10:22 | Age | Feudal Age |
| 10:34 | Build | Stable |
| 10:40 | Build | House |
| 10:43 | Queue | Villager (Male) |
| 11:27 | Build | Farm |
| 11:33 | Queue | Scout Cavalry |
| 11:33 | Queue | Scout Cavalry |
| 11:34 | Queue | Scout Cavalry |
| 11:34 | Queue | Scout Cavalry |
| 11:34 | Queue | Scout Cavalry |
| 11:36 | Queue | Villager (Male) |
| 11:43 | Build | Farm |
| 11:47 | Queue | Villager (Male) |
| 12:04 | Queue | Scout Cavalry |
| 12:16 | Queue | Villager (Male) |
| 12:26 | Build | House |
| 12:29 | Build | Farm |
| 12:30 | Build | Farm |
| 12:35 | Build | Farm |
| 12:44 | Build | Palisade Wall |
| 12:59 | Queue | Villager (Male) |
| 13:00 | Queue | Villager (Male) |
| 13:00 | Queue | Villager (Male) |
| 13:15 | Build | Farm |
| 13:23 | Build | Farm |
| 13:23 | Build | Farm |
| 13:24 | Build | Farm |
| 13:24 | Build | Farm |
| 13:33 | Queue | Villager (Male) |
| 13:40 | Queue | Villager (Male) |
| 13:43 | Research | Horse Collar |
| 13:43 | Research | Horse Collar |
| 13:59 | Build | Archery Range |
| 14:38 | Build | Farm |
| 14:41 | Queue | Archer |
| 14:41 | Queue | Archer |
| 14:41 | Queue | Archer |
| 14:58 | Queue | Skirmisher |
| 14:58 | Queue | Skirmisher |
| 14:58 | Queue | Skirmisher |
| 14:59 | Queue | Skirmisher |
| 14:59 | Queue | Skirmisher |
| 15:31 | Queue | Villager (Male) |
| 15:31 | Queue | Villager (Male) |
| 15:32 | Queue | Villager (Male) |
| 15:49 | Build | Mining Camp |
| 16:05 | Queue | Skirmisher |
| 16:11 | Queue | Villager (Male) |
| 16:11 | Queue | Villager (Male) |
| 16:14 | Build | Farm |
| 16:14 | Build | Farm |
| 16:14 | Build | Farm |
| 16:14 | Build | Farm |
| 16:15 | Build | Farm |
| 16:43 | Build | Lumber Camp |
| 16:47 | Queue | Villager (Male) |
| 16:47 | Queue | Villager (Male) |
| 16:50 | Build | House |
| 16:51 | Build | House |
| 16:58 | Queue | Archer |
| 17:01 | Queue | Villager (Male) |
| 17:10 | Build | Farm |
| 17:26 | Queue | Archer |
| 17:38 | Queue | Spearman |
| 17:39 | Queue | Spearman |
| 18:14 | Queue | Archer |
| 18:14 | Queue | Archer |
| 18:14 | Queue | Archer |
| 18:14 | Queue | Archer |
| 18:17 | Queue | Villager (Male) |
| 18:17 | Queue | Villager (Male) |
| 18:17 | Queue | Villager (Male) |
| 18:31 | Build | Farm |
| 18:36 | Build | Farm |
| 18:41 | Queue | Villager (Male) |
| 18:41 | Queue | Villager (Male) |
| 19:24 | Build | Blacksmith |
| 19:36 | Queue | Archer |
| 19:37 | Queue | Archer |
| 19:45 | Build | House |
| 19:46 | Build | House |
| 20:26 | Queue | Villager (Male) |
| 20:34 | Build | Market |
| 20:39 | Queue | Archer |
| 20:40 | Queue | Archer |
| 20:40 | Queue | Archer |
| 20:43 | Research | Fletching |
| 20:43 | Research | Fletching |
| 20:43 | Research | Padded Archer Armor |
| 21:00 | Queue | Archer |
| 21:03 | Build | House |
| 21:13 | Queue | Scout Cavalry |
| 21:13 | Queue | Scout Cavalry |
| 22:09 | Queue | Villager (Male) |
| 22:09 | Queue | Villager (Male) |
| 22:25 | Build | Farm |
| 22:26 | Build | Farm |
| 22:26 | Build | Farm |
| 22:47 | Build | House |
| 22:58 | Build | Farm |
| 23:01 | Build | Farm |
| 23:01 | Build | Farm |
| 23:01 | Build | Farm |
| 23:01 | Build | Farm |
| 23:03 | Research | Castle Age |
| 23:21 | Build | Stable |
| 23:35 | Build | Mining Camp |
| 24:00 | Queue | Villager (Male) |
| 24:22 | Build | House |
| 24:23 | Build | House |
| 24:31 | Research | Scale Barding Armor |
| 24:31 | Research | Scale Barding Armor |
Match timeline
| 9:11 | Penaldo · first_building Barracks |
| 9:44 | RH450 · first_building Barracks |
| 10:22 | Penaldo · age_up feudal |
| 10:34 | Penaldo · first_building Stable |
| 12:44 | Penaldo · wall_segment Palisade Wall x1 |
| 13:12 | RH450 · age_up feudal |
| 13:59 | Penaldo · first_building Archery Range |
| 15:58 | RH450 · first_building Archery Range |
| 23:14 | RH450 · age_up castle |
| 23:54 | RH450 · wall_segment Stone Wall x12 |
| 24:43 | Penaldo · first_market_sell 100 food |
| 24:43 | Penaldo · first_market_buy 100 wood |
| 25:14 | RH450 · first_market_buy 100 wood |
| 25:43 | Penaldo · age_up castle |
| 28:25 | RH450 · first_building Castle |
| 34:34 | Penaldo · first_building Monastery |
| 35:54 | Penaldo · first_building Castle |
| 36:58 | RH450 · resign |
[ AI ANALYSIS · 1 CREDIT ]
What really happened in this match?
Wolo.gg analyzes every decision: build order, eco, micro, common mistakes by bracket. Personalized analysis on WhatsApp or Discord in 30 seconds.
Civ guide
Teutons
Perfil
Jugador #10596640